 Dungeon Crawl Stone Soup version 0.31-a0-806-g0bc164a743 (console) character file.

Game seed: 11616876698115793673

8951 jejorda2 the Fighter (level 11, -4/89 HPs)
             Began as a Gnoll Berserker on Sept 20, 2023.
             Was a High Priest of Trog.
             Slain by a cyan ugly thing (15 damage)
             ... on level 10 of the Dungeon.
             The game lasted 00:23:49 (7663 turns).

jejorda2 the Fighter (Gnoll Berserker)              Turns: 7663, Time: 00:23:49

Health: -4/89      AC: 22    Str: 20    XL:     11   Next: 38%
Magic:  20/20      EV: 11    Int:  7    God:    Trog [*****.]
Gold:   818        SH:  0    Dex: 12    Spells: 22/22 levels left

rFire   + . .        a - +4 hand axe (elec)
rCold   . . .        (no shield)
rNeg    . . .        t - +1 chain mail {rF+}
rPois   .            k - +2 helmet
rElec   .            r - +1 cloak {Stlth+}
rCorr   .            e - +2 pair of gloves
SInv    .            w - +0 pair of boots {Fly}
Will    .....        m - amulet of regeneration
Stlth   ++           (no ring)
HPRegen 1.14/turn    (no ring)
MPRegen 0.17/turn

%: no passive effects
@: about to teleport, on berserk cooldown, flying, slowed, studying Fighting,
very slow
A: fangs 1, strong nose, distributed training
a: Renounce Religion, Berserk, Trog's Hand, Brothers in Arms


You were on level 10 of the Dungeon.
You worshipped Trog.
Trog was extremely pleased with you.
You visited 1 branch of the dungeon, and saw 10 of its levels.
You also visited: Ossuary.

You collected 818 gold pieces.

Inventory:

Hand Weapons
 a - a +4 hand axe of electrocution (weapon)
 h - a +1 battleaxe
 M - a +0 dire flail
Missiles
 i - 16 poisoned darts (quivered)
 u - 7 boomerangs
 D - a throwing net
Armour
 e - a +2 pair of gloves (worn)
 k - a +2 helmet (worn)
 r - a +1 cloak of stealth (worn)
 t - a +1 chain mail of fire resistance (worn)
 v - the +4 ring mail "Pisum" {rC+ rCorr MP-9}
   (You took it off an orc on level 5 of the Dungeon)

   rC+:       It protects you from cold.
   MP-9:      It affects your magic capacity (-9).
   rCorr:     It protects you from acid and corrosion.
 w - a +0 pair of boots of flying (worn)
 A - a +4 chain mail
Jewellery
 m - an amulet of regeneration (around neck)
Wands
 c - a wand of flame (1)
 p - a wand of polymorph (5)
 C - a wand of quicksilver (3)
 H - a wand of roots (8)
Scrolls
 d - 6 scrolls of teleportation
 z - a scroll of blinking
 G - 5 scrolls of enchant weapon
Potions
 b - a potion of resistance {unknown}
 f - 3 potions of heal wounds
 g - 4 potions of haste
 j - 3 potions of enlightenment
 l - a potion of invisibility
 n - 3 potions of might
 o - 2 potions of curing
 q - a potion of cancellation {unknown}
 s - 4 potions of lignification
 x - a potion of ambrosia {unknown}
 B - a potion of mutation {unknown}
 I - a potion of attraction {unknown}


   Skills:
 + Level 9.5 Fighting
 + Level 6.3 Short Blades
 + Level 6.3 Long Blades
 + Level 9.2 Axes
 + Level 6.3 Maces & Flails
 + Level 6.3 Polearms
 + Level 6.3 Staves
 + Level 6.3 Ranged Weapons
 + Level 6.3 Throwing
 + Level 7.9 Armour
 + Level 7.9 Dodging
 + Level 6.3 Stealth
 + Level 6.3 Shields
 + Level 6.3 Unarmed Combat
 + Level 6.3 Spellcasting
 + Level 5.2 Conjurations
 + Level 5.2 Hexes
 + Level 5.2 Summonings
 + Level 5.2 Necromancy
 + Level 5.2 Translocations
 + Level 5.2 Transmutations
 + Level 5.2 Fire Magic
 + Level 5.2 Ice Magic
 + Level 5.2 Air Magic
 + Level 5.2 Earth Magic
 + Level 5.2 Poison Magic
 + Level 7.0 Invocations
 + Level 6.3 Evocations
 + Level 5.8 Shapeshifting


You had 22 spell levels left.
You didn't know any spells.
Your spell library was empty.

Dungeon Overview and Level Annotations

Branches:
Dungeon (10/15)            Temple (0/1) D:6             Orc (0/2) D:10
Ossuary (visited)
   Lair: D:8-11

Altars:
Ashenzari
Dithmenos
Elyvilon
Gozag
Hepliaklqana
Kikubaaqudgha
Makhleb
Nemelex Xobeh
Qazlal
Sif Muna
Vehumet

Shops:
D:3 :

Annotations:
D:1 1 transporter


Innate Abilities, Weirdness & Mutations

You have very sharp teeth.
Your uncanny sense of smell can sniff out nearby items.
Your experience applies equally to all skills.


Message History

You feel very sick. Something hits your troll. Something stings your troll.
Your troll completely misses the cyan ugly thing.
Your troll claws the cyan ugly thing.
Your troll closely misses the cyan ugly thing.
Something hits your troll! Something stings your troll.
The cyan ugly thing closely misses your troll.
There is an open door, spattered with blood here.
You feel very sick.
You feel better. The meliai closely misses you.
The meliai stings you but does no damage.
The meliai closely misses you.
The meliai completely misses something.
The meliai stings you but does no damage.
The meliai misses you.
The meliai hits your troll with a +0 war axe.
The meliai stings you but does no damage.
Your troll closely misses the meliai.
Your troll claws the meliai!
Your troll claws the meliai but does no damage.
Okay, then.
Unknown command.
You slash the meliai!
You kill the meliai!
Trog accepts your kill. Something trunk-slaps your troll.
Something shocks your troll!
Your troll dies!
Your troll's corpse disappears in a puff of smoke!
Your Invocations skill increases to level 7!
As you read the scroll of teleportation, it crumbles to dust.
You feel strangely unstable.
The cyan ugly thing trunk-slaps you but does no damage.
The cyan ugly thing attacks as it pursues you!
The cyan ugly thing trunk-slaps you.
* * * LOW HITPOINT WARNING * * *
The cyan ugly thing shocks you!
* * * LOW HITPOINT WARNING * * *
The cyan ugly thing attacks as it pursues you!
The cyan ugly thing trunk-slaps you.
* * * LOW HITPOINT WARNING * * *
The cyan ugly thing shocks you!
You die...

#....#'####....>...[#,,,,,*,,,
#...................#,,,,,*,,,
#..................##,,,,,+,,,
#####....########..#,,,,,,*+*,
#....#......#..+,,,,,,,,*,
#....#......#..#######***,
#...##......#.........,,,,
#...'.......))).......,,,,
#...#....@u.#.........,,,,
#...#########†........,,,,
#............T........,,,,
#.......#####u#####...,,**
#.......#,∆*...*∆,*,..,,*,
###.....#,,#...*,,*,,.,,*,
#.....#,*#...**,*,,,,,*,
#.....#*,.##*,,**,,,,,*,
**#......*,,*,*,,*,,,,,,*,


You could see a cyan ugly thing.

Vanquished Creatures
  Erica (D:8)
  A wizard (D:7)
  Maggie (D:7)
  Jeremiah (D:8)
  Prince Ribbit (D:8)
  A meliai (D:10)
  Sigmund (D:2)
  A shadow (D:6)
  A wyvern (D:4)
  3 vampire mosquitoes (D:10)
  3 steam dragons
  The ghost of hattop the Grave Robber, an amateur DsNe of Ashenzari (D:5)
  2 acid dragons
  A water moccasin (D:7)
  2 black bears
  2 ice beasts
  4 orc warriors
  A sky beast (D:6)
  2 ogres
  A centaur (D:8)
  3 phantoms
  4 bullfrogs
  A gnoll sergeant (D:8)
  13 killer bees
  7 howler monkeys
  A crimson imp (D:6)
  A gnoll bouda (D:9)
  5 hounds
  5 jellies
  8 orc priests
  4 iguanas
  5 orc wizards
  A sleepcap (D:5)
  8 mummies (Ossuary)
  12 gnolls
  7 adders
  A shadow imp (D:6)
  A white imp (D:7)
  3 ufetubi
  2 worms
  A dart slug (D:5)
  42 orcs
  4 ball pythons
  6 bats
  8 endoplasms
  3 giant cockroaches
  2 gnoll zombies (Ossuary)
  13 hobgoblins
  13 jackals
  A quokka (D:3)
  4 frilled lizards
  3 goblins
  2 hobgoblin zombies (Ossuary)
  8 kobolds
  3 kobold zombies (Ossuary)
  An orc zombie (Ossuary)
  A rat (D:1)
238 creatures vanquished.

Vanquished Creatures (collateral kills)
  A death knight (D:10)
  An ugly thing (D:10)
  A tengu conjurer (D:10)
  A meliai (D:10)
  A vampire mosquito (D:10)
5 creatures vanquished.

Grand Total: 243 creatures vanquished

Notes
Turn   | Place    | Note
-------+----------+-------------------------------------------
     0 | D:1      | jejorda2 the Gnoll Berserker began the quest for the Orb.
     0 | D:1      | Reached XP level 1. HP: 23/23 MP: 1/1
    75 | D:1      | Reached XP level 2. HP: 29/29 MP: 2/2
   355 | D:1      | Reached XP level 3. HP: 31/35 MP: 3/3
   419 | D:1      | Reached ** piety under Trog
   786 | D:2      | Reached skill level 1 in Invocations
   894 | D:2      | Reached skill level 1 in Short Blades
   894 | D:2      | Reached skill level 1 in Long Blades
   894 | D:2      | Reached skill level 1 in Maces & Flails
   894 | D:2      | Reached skill level 1 in Polearms
   894 | D:2      | Reached skill level 1 in Staves
   894 | D:2      | Reached skill level 1 in Ranged Weapons
   894 | D:2      | Reached skill level 1 in Throwing
   894 | D:2      | Reached skill level 1 in Stealth
   894 | D:2      | Reached skill level 1 in Shields
   894 | D:2      | Reached skill level 1 in Unarmed Combat
   894 | D:2      | Reached skill level 1 in Spellcasting
   894 | D:2      | Reached skill level 1 in Evocations
  1056 | D:2      | Reached skill level 1 in Shapeshifting
  1056 | D:2      | Reached XP level 4. HP: 41/41 MP: 5/5
  1087 | D:2      | Found a broken altar of Ashenzari.
  1218 | D:2      | Noticed Sigmund
  1227 | D:2      | Killed Sigmund
  1228 | D:2      | Reached skill level 1 in Conjurations
  1228 | D:2      | Reached skill level 1 in Hexes
  1228 | D:2      | Reached skill level 1 in Summonings
  1228 | D:2      | Reached skill level 1 in Necromancy
  1228 | D:2      | Reached skill level 1 in Translocations
  1228 | D:2      | Reached skill level 1 in Transmutations
  1228 | D:2      | Reached skill level 1 in Fire Magic
  1228 | D:2      | Reached skill level 1 in Ice Magic
  1228 | D:2      | Reached skill level 1 in Air Magic
  1228 | D:2      | Reached skill level 1 in Earth Magic
  1228 | D:2      | Reached skill level 1 in Poison Magic
  1228 | D:2      | Reached XP level 5. HP: 47/47 MP: 5/7
  1228 | D:2      | Reached XP level 6. HP: 53/53 MP: 5/8
  1403 | D:2      | Found a faded altar of an unknown god.
  1863 | D:3      | Found a white marble altar of Elyvilon.
  2031 | D:3      | Found Beffecue's Book Boutique.
  2190 | D:3      | Found a stormy altar of Qazlal.
  2319 | D:4      | Reached skill level 5 in Armour
  2319 | D:4      | Reached skill level 5 in Dodging
  2377 | D:4      | Reached *** piety under Trog
  2419 | D:4      | Noticed a wyvern
  2430 | D:4      | Killed a wyvern
  2431 | D:4      | Reached XP level 7. HP: 54/59 MP: 10/10
  2481 | D:4      | Found a sparkling altar of Nemelex Xobeh.
  3236 | D:5      | Entered Level 5 of the Dungeon
  3328 | D:5      | Found a runed translucent gate.
  3328 | D:5      | Identified the +0 chain mail of Ceonaepp {Dex+4}
  3328 | D:5      | Noticed hattop's ghost (amateur DsNe)
  3329 | D:5      | Found a runed translucent gate.
  3330 | D:5      | Found a runed translucent gate.
  3332 | D:5      | Identified the +4 ring mail "Pisum" {rC+ rCorr MP-9}
  3525 | D:5      | Reached XP level 8. HP: 67/67 MP: 12/12
  3968 | D:5      | Killed hattop's ghost
  4044 | D:6      | Noticed a shadow
  4056 | D:6      | Killed a shadow
  4060 | D:6      | Reached **** piety under Trog
  4061 | D:6      | Reached XP level 9. HP: 73/73 MP: 14/14
  4278 | D:6      | Found a sand-covered staircase.
  4284 | Ossuary  | Entered an ossuary
  4532 | D:6      | Found a burning altar of Makhleb.
  4533 | D:6      | Found a radiant altar of Vehumet.
  4595 | D:6      | Found an opulent altar of Gozag.
  4669 | D:6      | Found a staircase to the Ecumenical Temple.
  5043 | D:7      | Reached skill level 5 in Invocations
  5057 | D:7      | Reached ***** piety under Trog
  5153 | D:7      | Noticed Maggie
  5172 | D:7      | Killed Maggie
  5173 | D:7      | Reached XP level 10. HP: 80/80 MP: 17/17
  5292 | D:7      | Found a hazy altar of Hepliaklqana.
  5411 | D:7      | Noticed a wizard
  5427 | D:7      | Killed a wizard
  5428 | D:7      | Reached skill level 5 in Short Blades
  5428 | D:7      | Reached skill level 5 in Long Blades
  5428 | D:7      | Reached skill level 5 in Maces & Flails
  5428 | D:7      | Reached skill level 5 in Polearms
  5428 | D:7      | Reached skill level 5 in Staves
  5428 | D:7      | Reached skill level 5 in Ranged Weapons
  5428 | D:7      | Reached skill level 5 in Throwing
  5428 | D:7      | Reached skill level 5 in Stealth
  5428 | D:7      | Reached skill level 5 in Shields
  5428 | D:7      | Reached skill level 5 in Unarmed Combat
  5428 | D:7      | Reached skill level 5 in Spellcasting
  5428 | D:7      | Reached skill level 5 in Evocations
  5883 | D:8      | Noticed Prince Ribbit
  5917 | D:8      | Killed Prince Ribbit
  6087 | D:8      | Found an ancient bone altar of Kikubaaqudgha.
  6242 | D:8      | Found a shimmering blue altar of Sif Muna.
  6255 | D:8      | Noticed Erica
  6269 | D:8      | Killed Erica
  6270 | D:8      | Reached skill level 5 in Shapeshifting
  6288 | D:8      | Upgraded the game from 0.31-a0-803-g95b03c3367 to
                  | 0.31-a0-806-g0bc164a743
  6480 | D:9      | Found a shadowy altar of Dithmenos.
  6514 | D:9      | Identified the +6 short sword of Kuicia {flame, rC+}
  7110 | D:8      | Noticed Jeremiah
  7127 | D:8      | Killed Jeremiah
  7181 | D:8      | Reached XP level 11. HP: 80/81 MP: 19/19
  7429 | D:10     | Entered Level 10 of the Dungeon
  7486 | D:9      | Identified a scroll of acquirement
  7486 | D:9      | Acquired a manual of Fighting
  7535 | D:10     | Reached skill level 5 in Conjurations
  7535 | D:10     | Reached skill level 5 in Hexes
  7535 | D:10     | Reached skill level 5 in Summonings
  7535 | D:10     | Reached skill level 5 in Necromancy
  7535 | D:10     | Reached skill level 5 in Translocations
  7535 | D:10     | Reached skill level 5 in Transmutations
  7535 | D:10     | Reached skill level 5 in Fire Magic
  7535 | D:10     | Reached skill level 5 in Ice Magic
  7535 | D:10     | Reached skill level 5 in Air Magic
  7535 | D:10     | Reached skill level 5 in Earth Magic
  7535 | D:10     | Reached skill level 5 in Poison Magic
  7574 | D:10     | Found a staircase to the Orcish Mines.
  7632 | D:10     | Noticed a death knight
  7648 | D:10     | Noticed a green ugly thing
  7652 | D:10     | Killed a death knight
  7653 | D:10     | Noticed a cyan ugly thing
  7656 | D:10     | Killed a green ugly thing
  7663 | D:10     | Slain by a cyan ugly thing

Illustrated notes

Levels and vault maps discovered:
D:1:      spicycebolla_arrival_transporter_tutorial, layout_basic
D:2:      layout_loops_ring, basic_altar, chequers_ecumenical_altar_lobes,
          uniq_sigmund
D:3:      layout_basic, mainiacjoe_overflow_swirl, serial_shops,
          nicolae_shop_pleasant_corner_grove, item_on_display_a
D:4:      layout_loops_ring, mainiacjoe_overflow_brackets
D:5:      layout_gridville, biasface_ghost_orc_armoury
D:6:      minmay_octagon_keep, layout_basic,
          grunt_temple_overflow_lords_of_destruction,
          nicolae_gozag_cash_rules_everything_around_me,
          minmay_temple_entry_nine_rooms, nicolae_ossuary_entry_plus,
          kennysheep_generic_room_11
D:7:      cheibrodos_wizards_tower, layout_cave_pools, lemuel_doored_altar,
          grunt_ministairs_4, chequers_mini_garden,
          ebering_dispersal_statue_hall, amethyst_killhole, uniq_maggie
D:8:      layout_gridville, mainiacjoe_overflow_concentric_impassable,
          kiku_gazebo_garden_becter, uniq_jeremiah, uniq_prince_ribbit1,
          uniq_erica
D:9:      layout_basic, lemuel_round_altar, minmay_hedge_maze
D:10:     minmay_blocky_corners, layout_irregular_city, orc_0_dummy,
          nicolae_trove_entry_diagonal, gammafunk_ghost_split,
          grunt_ministairs_13

Skill      XL: |  1  2  3  4  5  6  7  8  9 10 11 |
---------------+----------------------------------+-----
Invocations    | 1 2 3 4 5 6 7 |  7.0
Short Blades   | 1 2 3 4 5 6 |  6.3
Long Blades    | 1 2 3 4 5 6 |  6.3
Maces & Flails | 1 2 3 4 5 6 |  6.3
Polearms       | 1 2 3 4 5 6 |  6.3
Staves         | 1 2 3 4 5 6 |  6.3
Ranged Weapons | 1 2 3 4 5 6 |  6.3
Throwing       | 1 2 3 4 5 6 |  6.3
Stealth        | 1 2 3 4 5 6 |  6.3
Shields        | 1 2 3 4 5 6 |  6.3
Unarmed Combat | 1 2 3 4 5 6 |  6.3
Spellcasting   | 1 2 3 4 5 6 |  6.3
Evocations     | 1 2 3 4 5 6 |  6.3
Shapeshifting  | 1 2 3 4 5 |  5.8
Conjurations   | 1 2 3 4 5 |  5.2
Hexes          | 1 2 3 4 5 |  5.2
Summonings     | 1 2 3 4 5 |  5.2
Necromancy     | 1 2 3 4 5 |  5.2
Translocations | 1 2 3 4 5 |  5.2
Transmutations | 1 2 3 4 5 |  5.2
Fire Magic     | 1 2 3 4 5 |  5.2
Ice Magic      | 1 2 3 4 5 |  5.2
Air Magic      | 1 2 3 4 5 |  5.2
Earth Magic    | 1 2 3 4 5 |  5.2
Poison Magic   | 1 2 3 4 5 |  5.2
Armour         | 5 6 7 |  7.9
Dodging        | 5 6 7 |  7.9
Fighting       | 7 8 9 |  9.5
Axes           | 7 8 9 |  9.2

Action                     |  1- 3 |  4- 6 |  7- 9 | 10-12 || total
---------------------------+-------+-------+-------+-------++-------
  Melee: Hand axe          |    89 |       |       |    17 ||   106
         Bite              |    11 |     6 |    34 |    25 ||    76
         War axe           |     8 |   101 |   174 |       ||   283
         Punch             |       |     2 |    10 |       ||    12
         Battleaxe         |       |       |   134 |   236 ||   370
 Invoke: Berserk           |     1 |     2 |     5 |     6 ||    14
         Trog's Hand       |       |     1 |     3 |     5 ||     9
         Brothers in Arms  |       |       |       |     1 ||     1
    Use: Scroll            |       |       |    15 |    11 ||    26
         Potion            |       |       |     2 |     2 ||     4
   Stab: Invisible         |       |       |     7 |       ||     7
         Sleeping          |       |       |       |     1 ||     1
 Armour: Animal skin       |    40 |       |       |       ||    40
         Ring mail         |     1 |     9 |       |       ||    10
         Chain mail        |       |    29 |   286 |   289 ||   604
         Scale mail        |       |    22 |       |       ||    22
  Dodge: Dodged            |    56 |    63 |   151 |   156 ||   426

Table legend: (Time is in decaauts)
 A = Elapsed time spent in this place.
 B = Non-inter-level travel time spent in this place.
 C = Inter-level travel time spent in this place.
 D = Time resting spent in this place.
 E = Time spent auto-exploring this place.
 F = Levels seen in this place.
 G = Mean time per level.
                   A        B        C        D        E       F      G
               +--------+--------+--------+--------+--------+-----+--------+
         Total |   7903 |   7470 |    433 |    629 |   4755 |  11 |  718.5 |
       Dungeon |   7667 |   7234 |    433 |    629 |   4622 |  10 |  766.7 |
       Ossuary |    235 |    235 |      0 |      0 |    133 |   1 |  235.0 |
               +--------+--------+--------+--------+--------+-----+--------+

Top non-repeatable levels by time:
     D:4: 1097 daAuts
     D:8: 1042 daAuts
     D:9: 835 daAuts
     D:7: 817 daAuts
     D:2: 781 daAuts
     D:1: 778 daAuts
     D:5: 771 daAuts
     D:6: 747 daAuts
     D:3: 674 daAuts
 Ossuary: 235 daAuts
    D:10: 120 daAuts
